 Dungeon Crawl Stone Soup version 0.29-a0-993-g4a18f31a58 (webtiles) character file.

Game seed: 18045024892099149565

47 jlumianski the Covered (level 3, -2/29 HPs)
             Began as a Minotaur Fighter on Aug 2, 2022.
             Slain by Terence
             ... wielding a +0 mace
              (5 damage)
             ... on level 2 of the Dungeon.
             The game lasted 00:04:41 (1681 turns).

jlumianski the Covered (Minotaur Fighter)           Turns: 1681, Time: 00:04:42

Health: -2/29      AC:  7    Str: 22    XL:     3   Next: 48%
Magic:  2/2        EV:  9    Int:  5    God:
Gold:   94         SH:  4    Dex:  9    Spells: 2/2 levels left

rFire   . . .      SeeInvis .   a - +0 war axe
rCold   . . .      Faith    .   c - +0 buckler
rNeg    . . .      Spirit   .   b - +0 scale mail
rPois   .          Reflect  .   (helmet restricted)
rElec   .          Harm     .   (no cloak)
rCorr   .          Rampage  .   (no gloves)
Will    .....                   (no boots)
Stlth   ..........              (no amulet)
HPRegen 0.09/turn               (no ring)
MPRegen 0.08/turn               (no ring)

@: mighty
A: horns 2, retaliatory headbutt, claws 1, frail 1
a: no special abilities


You were on level 2 of the Dungeon.
You visited 1 branch of the dungeon, and saw 3 of its levels.

You collected 94 gold pieces.

Inventory:

Hand Weapons
 a - a +0 war axe (weapon)
Armour
 b - a +0 scale mail (worn)
 c - a +0 buckler (worn)
 e - a +0 tower shield
Jewellery
 m - a +6 ring of strength
Scrolls
 f - a scroll of identify {unknown}
 h - a scroll of poison
 k - a scroll of teleportation
Potions
 g - a potion of ambrosia {unknown}
 i - a potion of flight
 j - 2 potions of lignification
 l - a potion of mutation


   Skills:
 + Level 4.1 Fighting
 + Level 3.1 Axes
 + Level 4.3 Armour
 + Level 0.4 Dodging
 + Level 4.0 Shields


You had 2 spell levels left.
You didn't know any spells.
Your spell library was empty.

Dungeon Overview and Level Annotations

Branches:
Dungeon (3/15)

Altars:

Annotations:
D:2 Terence


Innate Abilities, Weirdness & Mutations

You have a pair of horns on your head.
You reflexively headbutt those who attack you in melee.
You have sharp fingernails.
You are frail. (-10% HP)


Message History

You climb upwards.
There is a stone staircase leading down here.
You hit the jackal. Your headbutt misses the jackal.
The jackal is almost dead.
The jackal bites you but does no damage.
The jackal closely misses you.
You hit the jackal.
You kill the jackal!
There is a stone staircase leading down here.
You climb downwards.
Level annotation: Terence The jackal closely misses you.
The jackal bites you but does no damage.
Terence closely misses you. You block the kobold's attack.
There is a stone staircase leading up here.
The jackal bites you but does no damage.
Terence hits you with a +0 mace. The kobold hits you but does no damage.
The jackal bites you but does no damage.
You climb upwards.
There is a stone staircase leading down here.
The jackal bites you. The kobold closely misses you.
The jackal barely misses you. The kobold hits you but does no damage.
The jackal closely misses you. Terence attacks as you move away!
Terence hits you but does no damage. Terence attacks as you move away!
Terence hits you with a +0 mace! Terence attacks as you move away!
You block Terence's attack.
Terence shouts, "DIE!!!"
You hit Terence.
Terence is lightly wounded.
You block Terence's attack.
You barely miss Terence.
Terence is lightly wounded.
Terence barely misses you. Terence hits you with a +0 mace.
You hit Terence. You headbutt Terence, but do no damage.
Terence is lightly wounded.
Terence hits you with a +0 mace.
* * * LOW HITPOINT WARNING * * *
You feel very mighty all of a sudden. Terence hits you with a +0 mace.
You die...

#.##.#####.# #.#.# #.##.#
#.# #.#.# #.##.# #.#
#.#>###### #....# #.#
#........#
..##.#####.###.#.####.#
#.##...........#h# #.#
..##.####..#####K# #.#
####.# #..# #@# #.# #.#
#..## #@# #.# #.# #...# #.#
#.###### #.# #.#.#
#.####......# #.# #.#.#
#.....#####.# ***#.#**#.#.#
#####.# *,* ,,,...,##.#.#
#.# *,*
***###.#....########.## *,*
*****#................##**,*
,,,..........###...........#


You could see Terence, a jackal and a kobold.

Vanquished Creatures
  3 dart slugs (D:1)
  2 ball pythons (D:1)
  2 bats (D:1)
  3 endoplasms
  2 giant cockroaches (D:1)
  2 hobgoblins (D:2)
  5 jackals (D:2)
  2 kobolds (D:1)
  5 quokkas
  11 frilled lizards
  A rat (D:1)
38 creatures vanquished.

Vanquished Creatures (others)
  5 plants (D:2)
5 creatures vanquished.

Grand Total: 43 creatures vanquished

Notes
Turn   | Place    | Note
-------+----------+-------------------------------------------
     0 | D:1      | jlumianski the Minotaur Fighter began the quest for the
                  | Orb.
     0 | D:1      | Reached XP level 1. HP: 19/19 MP: 0/0
   144 | D:1      | Reached XP level 2. HP: 22/27 MP: 1/1
  1152 | D:2      | Reached XP level 3. HP: 33/33 MP: 2/2
  1180 | D:2      | Gained mutation: You are frail. (-10% HP) [potion of
                  | mutation]
  1180 | D:2      | Gained mutation: You have sharp fingernails. [potion of
                  | mutation]
  1660 | D:3      | Noticed Terence
  1681 | D:2      | Slain by Terence

Illustrated notes

Levels and vault maps discovered:
D:1:      psy_arrival_radial02, layout_basic, serial_corexii_hall,
          corexii_hall_statues_i, chequers_hall_statues_wall_a,
          chequers_hall_statues_y, chequers_hall_statues_y, minmay_octomino_c4
D:2:      layout_loops_ring, basic_altar, minivault_4, minmay_lizard_king
D:3:      layout_rooms, led_xom_imps, general_overflow_altar,
          uniq_crazy_yiuf_cottage, uniq_terence

Skill      XL: |  1  2  3 |
---------------+----------+-----
Armour         | 4 |  4.3
Fighting       | 4 |  4.1
Shields        | 4 |  4.0
Axes           | 3 |  3.1
Dodging        | |  0.4

Action                   || total
-------------------------++-------
Melee: War axe           ||    72
       Headbutt          ||     7
  Use: Scroll            ||     5
       Potion            ||     4
Armor: Scale mail        ||    45
Dodge: Dodged            ||    36
Block: Buckler           ||    18

Table legend: (Time is in decaauts)
 A = Elapsed time spent in this place.
 B = Non-inter-level travel time spent in this place.
 C = Inter-level travel time spent in this place.
 D = Time resting spent in this place.
 E = Time spent auto-exploring this place.
 F = Levels seen in this place.
 G = Mean time per level.
                   A        B        C        D        E       F      G
               +--------+--------+--------+--------+--------+-----+--------+
         Total |   1710 |   1710 |      0 |    119 |   1125 |   3 |  570.0 |
       Dungeon |   1710 |   1710 |      0 |    119 |   1125 |   3 |  570.0 |
               +--------+--------+--------+--------+--------+-----+--------+

Top non-repeatable levels by time:
     D:1: 1145 daAuts
     D:2: 560 daAuts
     D:3: 5 daAuts
